 Dungeon Crawl Stone Soup version 0.30-a0-6-g7c9e10e132 (webtiles) character file.

Game seed: 12961752655669963189

23 avis the Caller (level 2, 0/11 HPs)
             Began as a Felid Summoner on Aug 23, 2022.
             Succumbed to an adder's poison
             ... on level 1 of the Dungeon.
             The game lasted 00:06:11 (1482 turns).

avis the Caller (Felid Summoner)                    Turns: 1482, Time: 00:06:12

Health: 0/11       AC:  1    Str:  4    XL:     2   Next: 72%
Magic:  2/6        EV: 17    Int: 16    God:
Gold:   81         SH:  0    Dex: 16    Spells: 3/6 levels left
                                        Lives:  0   Deaths: 0

rFire   . . .      SeeInvis +    (weapon unavailable)
rCold   . . .      Faith    .    (shield unavailable)
rNeg    . . .      Spirit   .    (body armour unavailable)
rPois   .          Reflect  .    (helmet unavailable)
rElec   .          Harm     .    (cloak unavailable)
rCorr   .          Rampage  .    (gloves unavailable)
Will    .....                    (boots unavailable)
Stlth   ++........               (no amulet)
HPRegen 0.03/turn                (no ring)
MPRegen 0.10/turn                (no ring)

@: lethally poisoned (0 -> -6), quick
A: very small, claws 1, fangs 3, see invisible, speed 1, shaggy fur 1, stealthy
paws, no weapons or thrown items, no armour, multi-lived
a: no special abilities


You were on level 1 of the Dungeon.
You visited 1 branch of the dungeon, and saw 2 of its levels.

You collected 81 gold pieces.

Inventory:

Scrolls
 b - a scroll of blinking {unknown}
 c - 3 scrolls of identify {unknown}
 d - a scroll of poison {unknown}
 g - a scroll of noise {unknown}
Potions
 a - a potion of magic
 e - a potion of lignification {unknown}
 f - a potion of resistance {unknown}
 h - a potion of curing {unknown}


   Skills:
 - Level 2.6 Dodging
 - Level 2.6 Stealth
 * Level 2.8 Spellcasting
 + Level 4.2 Summonings


You had 3 spell levels left.
You knew the following spells:

 Your Spells              Type           Power      Damage    Failure   Level
a - Summon Small Mammal   Summ           64%        N/A       3%          1
c - Call Imp              Summ           16%        N/A       4%          2

Your spell library contained the following spells:

 Spells                   Type           Power      Damage    Failure   Level
 Call Canine Familiar     Summ           16%        N/A       10%         3
 Summon Guardian Golem    Hex/Summ       9%         N/A       24%         3
 Blink                    Tloc           4%         N/A       28%         2
 Lesser Beckoning         Tloc           2%         N/A       50%         3
 Summon Lightning Spire   Summ/Air       9%         N/A       61%         4
 Manifold Assault         Tloc           2%         N/A       99%         5


Dungeon Overview and Level Annotations

Branches:
Dungeon (2/15)

Altars:

Shops:
D:2 *

Annotations:
D:2 Natasha


Innate Abilities, Weirdness & Mutations

You have sharp claws.
You have razor-sharp teeth.
You have supernaturally acute eyesight. (SInv)
You cover ground quickly. (Speed+)
You are covered in fur. (AC +1)
Your paws help you pounce on unaware monsters.
You are incapable of wielding weapons or throwing items.
You cannot wear armour.
You gain extra lives every three experience levels.


Message History

Your quokka closely misses the crimson imp.
Your quokka barely misses the adder.
Your crimson imp hits Natasha.
Your quokka closely misses the crimson imp.
The crimson imp blinks!
Natasha claws your crimson imp.
Your crimson imp barely misses Natasha.
Natasha misses your crimson imp.
Your crimson imp closely misses Natasha.
Something completely misses your crimson imp.
There is a stone staircase leading up here.
You climb upwards.
There is a stone staircase leading down here.
You start resting.
Magic restored.
You start resting.
HP restored.
You climb downwards.
Level annotation: Natasha The adder closely misses you.
There is a stone staircase leading up here.
The adder closely misses you.
You climb upwards.
There is a stone staircase leading down here.
Casting: Call Imp (safe; 4% risk of failure)
Confirm with . or Enter, or press ? or * to list all spells.
A beastly little devil appears in a puff of flame.
The adder bites you but does no damage.
You swap places.
Your crimson imp closely misses the adder.
The adder misses you.
Your crimson imp hits the adder.
Casting: Call Imp (safe; 4% risk of failure)
Confirm with . or Enter, or press ? or * to list all spells.
The adder bites you.
You are lethally poisoned!
The adder poisons you!
Your crimson imp hits the adder.
The adder misses you.
Casting: Summon Small Mammal (safe; 3% risk of failure)
Confirm with . or Enter, or press ? or * to list all spells.
You feel sick. The adder bites you.
* * * LOW HITPOINT WARNING * * *
Your crimson imp closely misses the adder.
You swap places.
You die...

...#....###..# ##........#
...#.........#####.......#
..........#..##....#).#..#
..#####.#.......#..##...##
..#####.#...(##...####.##
........#.#..###### ##.#
..#######....>#######..#
..#.......[...5r......##
..#....####...S.@.....#
###.....# #......r....#
.##.)...# #...........#
.#......# #...........#
.#......# #...........#
.#......# #...........#
.#......# #...........#
........# #...........#
........# #...........#


You could see an adder (ally target), a friendly crimson imp (summoned), a
friendly quokka (summoned) and a friendly rat (summoned).

Vanquished Creatures
  2 ball pythons (D:1)
  2 endoplasms
  A goblin (D:1)
  A hobgoblin (D:1)
  2 kobolds (D:1)
  3 bats (D:1)
  3 rats (D:1)
14 creatures vanquished.

Vanquished Creatures (collateral kills)
  3 endoplasms (D:1)
  2 ball pythons (D:1)
  A bat (D:2)
  A rat (D:2)
7 creatures vanquished.

Grand Total: 21 creatures vanquished

Notes
Turn   | Place    | Note
-------+----------+-------------------------------------------
     0 | D:1      | avis the Felid Summoner began the quest for the Orb.
     0 | D:1      | Reached XP level 1. HP: 7/7 MP: 4/4
   388 | D:1      | Reached XP level 2. HP: 11/11 MP: 6/6
  1273 | D:1      | Learned a level 2 spell: Call Imp
  1392 | D:2      | Found Lizibui's Assorted Antiques.
  1420 | D:2      | Found a faded altar of an unknown god.
  1425 | D:2      | Noticed Natasha
  1431 | D:2      | Noticed a crimson imp
  1482 | D:1      | Succumbed to an adder's poison

Illustrated notes

Levels and vault maps discovered:
D:1:      dpeg_arrival_round_b, layout_basic, dk_noncrumbling_3
D:2:      layout_basic, chequers_ecumenical_altar_island, serial_shops,
          nicolae_shop_statue_plus, chequers_serial_rivers_room_a, uniq_natasha

Action                   || total
-------------------------++-------
Melee: Unarmed           ||    27
       Bite              ||     4
 Cast: Summon Small Mamm ||    27
       Call Imp          ||     2
 Stab: Sleeping          ||     4
Armor: Skin              ||     3
Dodge: Dodged            ||    22

Table legend: (Time is in decaauts)
 A = Elapsed time spent in this place.
 B = Non-inter-level travel time spent in this place.
 C = Inter-level travel time spent in this place.
 D = Time resting spent in this place.
 E = Time spent auto-exploring this place.
 F = Levels seen in this place.
 G = Mean time per level.
                   A        B        C        D        E       F      G
               +--------+--------+--------+--------+--------+-----+--------+
         Total |   1339 |   1250 |     89 |    444 |    515 |   2 |  669.5 |
       Dungeon |   1339 |   1250 |     89 |    444 |    515 |   2 |  669.5 |
               +--------+--------+--------+--------+--------+-----+--------+

Top non-repeatable levels by time:
     D:1: 1251 daAuts
     D:2: 87 daAuts
